 Dungeon Crawl Stone Soup version 0.29.1-12-g30fa7ad0bf (webtiles) character file.

Game seed: 12952535975523894018

1082 112233 the Conjurer (level 8, -4/46 HPs)
             Began as an Octopode Conjurer on Dec 17, 2022.
             Was an Initiate of Gozag.
             Slain by an ice beast (11 damage)
             ... on level 6 of the Dungeon.
             The game lasted 00:05:47 (6948 turns).

112233 the Conjurer (Octopode Conjurer)             Turns: 6948, Time: 00:05:48

Health: -4/46      AC:  1    Str:  6    XL:     8   Next: 30%
Magic:  11/15      EV: 16    Int: 22    God:    Gozag
Gold:   256        SH:  0    Dex: 17    Spells: 14/17 levels left

rFire   . . .      SeeInvis +   z - +3 hand axe of Afroclufua {spect, SInv}
rCold   . . .      Faith    .   (no shield)
rNeg    . . .      Spirit   .   (helmet restricted)
rPois   .          Reflect  .   (no amulet)
rElec   .          Harm     .   u - +6 ring of dexterity
rCorr   .          Rampage  .   w - ring of flight
Will    .....                   (no ring)
Stlth   ++++......              (no ring)
HPRegen 0.15/turn               (no ring)
MPRegen 0.14/turn               (no ring)
                                (no ring)
                                (no ring)

@: gold aura, flying, hasted, very quick
A: almost no armour, amphibious, 8 rings, camouflage 1, gelatinous body 1,
(nimble swimmer 1), tentacles
a: Renounce Religion, Potion Petition, Call Merchant, Bribe Branch


You were on level 6 of the Dungeon.
You worshipped Gozag.
Gozag was aware of your devotion.
You visited 1 branch of the dungeon, and saw 6 of its levels.

You collected 615 gold pieces.
You paid 359 gold pieces to Gozag.

Inventory:

Hand Weapons
 d - a +0 dagger
 j - a +0 quarterstaff
 q - a +2 dagger of protection
 z - the +3 hand axe of Afroclufua (weapon) {spect, SInv}
   (You found it on level 4 of the Dungeon)

   When its wielder attacks, the weapon's spirit leaps out and strikes again.
   The spirit shares a part of any damage it takes with its wielder.
   SInv:      It lets you see invisible.
Magical Staves
 A - a staff of fire
Jewellery
 u - a +6 ring of dexterity (left tentacle)
 w - a ring of flight (right tentacle)
 y - a ring of resist corrosion
Wands
 c - a wand of mindburst (21)
 D - a wand of acid (8)
Scrolls
 b - 2 scrolls of fear {unknown}
 e - 3 scrolls of blinking {unknown}
 f - 7 scrolls of identify {unknown}
 g - 4 scrolls of enchant weapon {unknown}
 i - 2 scrolls of vulnerability {unknown}
 k - a scroll of noise {unknown}
 m - a scroll of amnesia {unknown}
 n - a scroll of torment {unknown}
 r - 2 scrolls of magic mapping {unknown}
 t - a scroll of poison {unknown}
 x - a scroll of summoning {unknown}
 B - a scroll of teleportation {unknown}
Potions
 a - a potion of magic
 h - 2 potions of degeneration {unknown}
 l - 2 potions of flight {unknown}
 o - a potion of attraction {unknown}
 p - 2 potions of lignification
 s - 3 potions of might {unknown}
 v - a potion of curing {unknown}
 C - 2 potions of brilliance {unknown}


   Skills:
 + Level 5.5 Dodging
 - Level 4.4 Stealth
 + Level 5.1 Spellcasting
 + Level 6.6 Conjurations


You had 14 spell levels left.
You knew the following spells:

 Your Spells              Type           Power      Damage    Failure   Level
a - Magic Dart            Conj           100%       1d8       1%          1
b - Searing Ray           Conj           68%        2d6       1%          2

Your spell library contained the following spells:

 Spells                   Type           Power      Damage    Failure   Level
 Dazzling Flash           Conj/Hex       40%        N/A       8%          3
 Apportation              Tloc           10%        N/A       10%         1
 Necrotise                Necr           20%        1d5       10%         1
 Summon Small Mammal      Summ           20%        N/A       10%         1
 Iskenderun's Battlesphe  Conj           34%        2d9       19%         5
 Fulminant Prism          Conj/Hex       10%        3d9       26%         4
 Iskenderun's Mystic Bla  Conj/Tloc      20%        2d6       26%         4
 Iron Shot                Conj/Erth      10%        9d3       98%         6
 Starburst                Conj/Fire      10%        6d5       98%         6
 Malign Gateway           Summ/Tloc      2%         N/A       100%        7
 Spellforged Servitor     Conj/Summ      10%        N/A       100%        7
 Summon Horrible Things   Summ           2%         N/A       100%        8


Dungeon Overview and Level Annotations

Branches:
Dungeon (6/15)
 Temple: D:4-7

Altars:
Cheibriados
Gozag
Wu Jian

Shops:
D:3 =

Annotations:
D:3 1 runed translucent door, Crazy Yiuf
D:6 2 runed translucent doors, ChadusMaximus's ghost, novice MiFi


Innate Abilities, Weirdness & Mutations

You cannot wear most types of armour.
You are amphibious.
You can wear up to eight rings at the same time.
Your skin changes colour to match your surroundings (Stealth+).
Your rubbery body absorbs attacks. (AC +1, EV +1)
((You are camouflaged when in or above water. (Stealth+)))
You have tentacles for arms and can constrict up to eight enemies at once.


Message History

The ice beast hits you. The ice beast freezes you!
You hit the ice beast but do no damage.
The ice beast is severely wounded.
The ice beast hits you. The ice beast freezes you!
Unknown command.
Aiming: Corrosive Bolt
Press: ? - help, Shift-Dir - straight line, f/p - ice beast
Aim: an ice beast (severely wounded, 71% to hit)
The bolt of acid hits the ice beast!
The acid corrodes the ice beast!
You kill the ice beast!
The bolt of acid hits the ice beast!
The acid corrodes the ice beast!
The ice beast is moderately wounded.
Unknown command.
Aiming: Corrosive Bolt
Press: ? - help, Shift-Dir - straight line, f - ice beast
Aim: an ice beast (moderately wounded, covered in acid, 71% to hit)
The bolt of acid hits the ice beast!
The ice beast seems to be corroded for longer.
The ice beast is severely wounded.
The ice beast hits you. The ice beast freezes you!
* * * LOW HITPOINT WARNING * * *
Aiming: Corrosive Bolt
Press: ? - help, Shift-Dir - straight line, f/p - ice beast
Aim: an ice beast (severely wounded, covered in acid, 71% to hit)
Okay, then. [a] - 264 gold - brilliance and magic [b] - 300 gold - haste [c] - 624 gold - haste, brilliance, invisibility and might Purchase which effect?
You don't have enough gold for that! [a] - 264 gold - brilliance and magic [b] - 300 gold - haste [c] - 624 gold - haste, brilliance, invisibility and might Purchase which effect?
You no longer have enough gold to petition Gozag for potion effects.
You feel yourself speed up. The ice beast hits you.
* * * LOW HITPOINT WARNING * * *
The ice beast freezes you!
You die...
Your body crumbles into a pile of gold.

## .. .. .
.. $ .≈ #
§.§ .../
≈≈...
####...._.
#.@Y.≈≈...
#.##.≈....
#.# ..≈.§
#.# ≈≈.§
#.# ..§
#.# .. #.#
# #.# #
#.#


You could see an ice beast (corroded).

Vanquished Creatures
  A water moccasin (D:5)
  A black bear (D:6)
  2 ice beasts
  A phantom (D:5)
  Blork the orc (D:5)
  2 necrophages
  A scorpion (D:5)
  A jelly (D:5)
  2 hounds (D:4)
  An orc priest (D:3)
  Jessica (D:3)
  2 iguanas (D:5)
  Ijyb (D:5)
  Robin (D:3)
  4 adders
  An ufetubus (D:6)
  5 worms
  5 dart slugs
  9 orcs
  3 ball pythons
  5 endoplasms
  2 giant cockroaches
  5 hobgoblins
  3 jackals (D:4)
  A quokka (D:1)
  6 bats
  3 frilled lizards
  13 goblins
  5 kobolds
  8 rats
96 creatures vanquished.

Notes
Turn   | Place    | Note
-------+----------+-------------------------------------------
     0 | D:1      | 112233 the Octopode Conjurer began the quest for the Orb.
     0 | D:1      | Reached XP level 1. HP: 11/11 MP: 3/3
   576 | D:1      | Reached XP level 2. HP: 9/17 MP: 5/5
  1193 | D:2      | Reached XP level 3. HP: 20/21 MP: 1/6
  1295 | D:2      | Learned a level 2 spell: Searing Ray
  1900 | D:3      | Found an ornate altar of the Wu Jian Council.
  2334 | D:3      | Reached XP level 4. HP: 16/27 MP: 0/7
  2480 | D:3      | Noticed Robin
  2483 | D:3      | Killed Robin
  2822 | D:3      | Found Xefionk's Jewellery Emporium.
  3043 | D:3      | Found a runed translucent door.
  3044 | D:3      | Noticed Crazy Yiuf
  3071 | D:3      | Reached XP level 5. HP: 31/31 MP: 3/9
  3073 | D:3      | Noticed Jessica
  3083 | D:3      | Killed Jessica
  3343 | D:3      | Found an opulent altar of Gozag.
  3367 | D:3      | Became a worshipper of Gozag Ym Sagoz the Greedy
  3517 | D:3      | Found a faded altar of an unknown god.
  4222 | D:4      | Reached skill level 5 in Conjurations
  4222 | D:4      | Reached XP level 6. HP: 36/36 MP: 6/10
  4411 | D:4      | Identified the +3 hand axe of Afroclufua {spect, SInv}
  5191 | D:5      | Entered Level 5 of the Dungeon
  5478 | D:5      | Noticed a water moccasin
  5485 | D:5      | Killed a water moccasin
  5486 | D:5      | Reached XP level 7. HP: 41/41 MP: 3/13
  5851 | D:5      | Noticed Ijyb
  5864 | D:5      | Killed Ijyb
  6001 | D:5      | Reached skill level 6 in Conjurations
  6100 | D:5      | Reached skill level 5 in Dodging
  6292 | D:5      | Noticed Blork the orc
  6296 | D:5      | Killed Blork the orc
  6297 | D:5      | Reached XP level 8. HP: 34/46 MP: 9/15
  6596 | D:6      | Found a large runed translucent door.
  6596 | D:6      | Found a large runed translucent door.
  6598 | D:6      | Noticed ChadusMaximus's ghost (novice MiFi)
  6849 | D:6      | Reached skill level 5 in Spellcasting
  6938 | D:6      | Found a snail-covered altar of Cheibriados.
  6948 | D:6      | Slain by an ice beast

Illustrated notes

Levels and vault maps discovered:
D:1:      matt_arrival_refuge, layout_loops_ring
D:2:      layout_rooms, minmay_pentomino_p2
D:3:      kennysheep_big_flooded_room, layout_rooms, grunt_gozag_breadcrumbs,
          nicolae_overflow_hidden_temple, serial_shops, nicolae_square_shop,
          chequers_ecumenical_altar_grove, uniq_crazy_yiuf_cottage,
          uniq_jessica, uniq_robin
D:4:      layout_cave_pods
D:5:      layout_basic, uniq_blork_the_orc, uniq_ijyb
D:6:      layout_loops_ring, mainiacjoe_overflow_small_starburst,
          ebering_ghost_disaster_area

Skill      XL: |  1  2  3  4  5  6  7  8 |
---------------+-------------------------+-----
Stealth        | 3 4 |  4.4
Dodging        | 3 4 5 |  5.5
Spellcasting   | 3 4 5 |  5.1
Conjurations   | 5 6 |  6.6

Action                   |  1- 3 |  4- 6 |  7- 9 || total
-------------------------+-------+-------+-------++-------
Melee: Quarterstaff      |    15 |    42 |       ||    57
       Constrict         |     4 |    16 |       ||    20
       Tentacles         |     4 |     8 |     1 ||    13
       Hand axe          |       |     2 |     5 ||     7
 Cast: Magic Dart        |    58 |    94 |    25 ||   177
       Searing Ray       |     3 |     4 |    11 ||    18
Invok: Potion Petition   |       |       |     1 ||     1
Evoke: Wand              |       |       |     2 ||     2
  Use: Potion            |     2 |     1 |     2 ||     5
 Stab: Distracted        |       |     1 |       ||     1
       Sleeping          |       |     1 |       ||     1
Armor: Skin              |     1 |     2 |     1 ||     4
Dodge: Dodged            |    18 |    31 |     9 ||    58
